 Dungeon Crawl Stone Soup version 0.30-a0-721-ga6a225cb13 (webtiles) character file.

Game seed: 12745848910282832476

218 M4edhros the Poker (level 5, 0/36 HPs)
             Began as an Octopode Fighter on Jan 26, 2023.
             Constricted to death by Crazy Yiuf (7 damage)
             ... on level 3 of the Dungeon.
             The game lasted 00:01:42 (2131 turns).

M4edhros the Poker (Octopode Fighter)               Turns: 2131, Time: 00:01:43

Health: 0/36       AC:  1    Str: 15    XL:     5   Next: 95%
Magic:  5/5        EV: 10    Int: 11    God:
Gold:   144        SH:  4    Dex: 13    Spells: 4/4 levels left

rFire   . . .      SeeInvis .    a - +0 trident
rCold   . . .      Faith    .    b - +0 buckler
rNeg    . . .      Spirit   .    (helmet restricted)
rPois   .          Reflect  .    (no amulet)
rElec   .          Harm     .    (no ring)
rCorr   .          Rampage  .    (no ring)
Will    .....                    (no ring)
Stlth   ++                       (no ring)
HPRegen 0.26/turn                (no ring)
MPRegen 0.09/turn                (no ring)
                                 (no ring)
                                 (no ring)

@: lethally poisoned (0 -> -17), grasped by roots, constricted
A: almost no armour, amphibious, 8 rings, camouflage 1, gelatinous body 1,
(nimble swimmer 1), tentacles
a: no special abilities


You were on level 3 of the Dungeon.
You visited 1 branch of the dungeon, and saw 3 of its levels.

You collected 144 gold pieces.

Inventory:

Hand Weapons
 a - a +0 trident (weapon)
Armour
 b - a +0 buckler (worn)
Jewellery
 l - a ring of willpower
 q - a ring of positive energy
Wands
 p - a wand of flame (15)
Scrolls
 e - a scroll of enchant weapon {unknown}
 f - 5 scrolls of identify {unknown}
 g - a scroll of silence {unknown}
 k - a scroll of magic mapping {unknown}
 o - 2 scrolls of noise {unknown}
 r - a scroll of blinking {unknown}
 s - a scroll of teleportation {unknown}
 u - a scroll of amnesia {unknown}
Potions
 c - 2 potions of might
 d - a potion of brilliance {unknown}
 h - a potion of resistance {unknown}
 i - 2 potions of heal wounds
 j - a potion of haste {unknown}
 m - 2 potions of berserk rage {unknown}
 n - a potion of curing {unknown}
 t - a potion of ambrosia {unknown}


   Skills:
 - Level 3.0 Fighting
 + Level 6.0 Polearms
 - Level 3.0 Dodging
 - Level 3.0 Shields


You had 4 spell levels left.
You didn't know any spells.
Your spell library was empty.

Dungeon Overview and Level Annotations

Branches:
Dungeon (3/15)

Altars:
Makhleb

Annotations:
D:3 Crazy Yiuf


Innate Abilities, Weirdness & Mutations

You cannot wear most types of armour.
You are amphibious.
You can wear up to eight rings at the same time.
Your skin changes colour to match your surroundings (Stealth+).
Your rubbery body absorbs attacks. (AC +1, EV +1)
((You are camouflaged when in or above water. (Stealth+)))
You have tentacles for arms and can constrict up to eight enemies at once.


Message History

Could not explore, unopened runed door.
Failed to move towards target.
Failed to move towards target.
Failed to move towards target.
Failed to move towards target.
You open the door.
Crazy Yiuf cries, "Dawk pontify high!"
You hit Crazy Yiuf. You grab Crazy Yiuf.
Crazy Yiuf is lightly wounded.
You constrict Crazy Yiuf.
Crazy Yiuf laughs, "Adder King stair!"
Crazy Yiuf hits you with a +4 quarterstaff of chaos!
You are poisoned.
You hit Crazy Yiuf.
Crazy Yiuf is heavily wounded.
You constrict Crazy Yiuf.
You feel very sick.
Crazy Yiuf zaps a wand.
The roots erupt in riotous growth!
The grasping roots grab you!
Crazy Yiuf is unaffected.
The grasping roots constrict you!
* * * LOW HITPOINT WARNING * * *
You are too injured to fight recklessly!
You are too injured to fight recklessly!
You are too injured to fight recklessly!
You are too injured to fight recklessly!
Okay, then.
It was a potion of heal wounds.
You feel much better.
You constrict Crazy Yiuf.
You feel very sick.
Crazy Yiuf drinks a potion.
Crazy Yiuf flickers and vanishes!
Deactivating autopickup; reactivate with Ctrl-A.
You are constricted.
You closely miss something. Your squeeze misses something.
You constrict something.
You feel very sick. Something hits you!!
Ouch! That really hurt!
* * * LOW HITPOINT WARNING * * *
You are more poisoned.
You are constricted!
You die...

#..##.### #.##.#
#####.# #.##.# #.#
#.##.# ##### #.#
#.##.# #)..#
#.#####.##.# #...#
#.......##.# ...
#........... #{#
#.########.. ♣@♣♣
#.# #.. ♣♣.♣ #.#
#####.. ♣.♣♣ #.#
#...... ♣♣.♣
#.####.####. ♣♣.♣♣
#........... ♣♣...♣
######.####. ♣....♣
##.## #. #....#
#####...###.
##..####...........


There were no monsters in sight!

Vanquished Creatures
  An orc wizard (D:3)
  Natasha (thrice) (D:3)
  3 adders
  A worm (D:3)
  3 dart slugs
  9 orcs (D:3)
  7 bats
  7 endoplasms
  3 giant cockroaches
  3 goblins (D:1)
  2 hobgoblins (D:1)
  8 jackals
  3 quokkas
  4 ball pythons
  5 frilled lizards
  4 kobolds
  8 rats
74 creatures vanquished.

Notes
Turn   | Place    | Note
-------+----------+-------------------------------------------
     0 | D:1      | M4edhros the Octopode Fighter began the quest for the Orb.
     0 | D:1      | Reached XP level 1. HP: 16/16 MP: 1/1
   153 | D:1      | Reached XP level 2. HP: 21/21 MP: 2/2
   192 | D:1      | Reached skill level 3 in Polearms
   308 | D:1      | Reached XP level 3. HP: 17/26 MP: 3/3
  1002 | D:2      | Reached skill level 4 in Polearms
  1204 | D:2      | Reached XP level 4. HP: 31/31 MP: 4/4
  1208 | D:2      | You fall into a shaft and drop 1 floor!
  1319 | D:3      | Found a runed translucent door.
  1320 | D:3      | Noticed Crazy Yiuf
  1370 | D:3      | Noticed Natasha
  1375 | D:3      | Killed Natasha
  1498 | D:3      | Noticed Natasha
  1505 | D:3      | Killed Natasha
  1506 | D:3      | Reached skill level 5 in Polearms
  1506 | D:3      | Reached XP level 5. HP: 15/36 MP: 5/5
  1643 | D:3      | Found a burning altar of Makhleb.
  1643 | D:3      | Noticed a blizzard demon
  1647 | D:3      | Noticed a hellwing
  1647 | D:3      | Noticed a neqoxec
  2026 | D:3      | Noticed Natasha
  2035 | D:3      | Killed Natasha
  2036 | D:3      | Reached skill level 6 in Polearms
  2131 | D:3      | Constricted to death by Crazy Yiuf

Illustrated notes

Levels and vault maps discovered:
D:1:      sevenhm_arrival_forest_fort_small_3, layout_loops_ring
D:2:      layout_basic, minmay_misc_feat_rows, serial_bayou_pond_e
D:3:      layout_loops_ring, makhleb_altar_promises_db, uniq_natasha,
          uniq_crazy_yiuf_cottage

Skill      XL: |  1  2  3  4  5 |
---------------+----------------+-----
Polearms       | 3 4 5 6 |  6.0
Fighting       | |  3.0
Dodging        | |  3.0
Shields        | |  3.0

Action                     |  1- 3 |  4- 6 || total
---------------------------+-------+-------++-------
  Melee: Trident           |    87 |    72 ||   159
         Constrict         |    14 |    17 ||    31
         Tentacles         |     6 |    13 ||    19
    Use: Potion            |       |     1 ||     1
   Stab: Sleeping          |    14 |     5 ||    19
         Distracted        |     1 |       ||     1
 Armour: Skin              |     9 |     2 ||    11
  Dodge: Dodged            |    35 |    23 ||    58
  Block: Buckler           |     8 |     8 ||    16

Table legend: (Time is in decaauts)
 A = Elapsed time spent in this place.
 B = Non-inter-level travel time spent in this place.
 C = Inter-level travel time spent in this place.
 D = Time resting spent in this place.
 E = Time spent auto-exploring this place.
 F = Levels seen in this place.
 G = Mean time per level.
                   A        B        C        D        E       F      G
               +--------+--------+--------+--------+--------+-----+--------+
         Total |   2152 |   2140 |     12 |      0 |   1756 |   3 |  717.3 |
       Dungeon |   2152 |   2140 |     12 |      0 |   1756 |   3 |  717.3 |
               +--------+--------+--------+--------+--------+-----+--------+

Top non-repeatable levels by time:
     D:3: 928 daAuts
     D:1: 789 daAuts
     D:2: 434 daAuts
